 Dungeon Crawl Stone Soup version 0.29.0-13-gc9e81de378 (webtiles) character file.

Game seed: 9478678982296909592

88 freelancePsychic the Sneak (level 4, -1/25 HPs)
             Began as a Kobold Hedge Wizard on Sept 7, 2022.
             Was an Initiate of Wu Jian.
             Succumbed to Duvessa's poison
             ... on level 3 of the Dungeon.
             The game lasted 00:05:54 (3323 turns).

freelancePsychic the Sneak (Kobold Hedge Wizard)    Turns: 3323, Time: 00:05:54

Health: -1/25      AC: 16    Str:  7    XL:     4   Next: 82%
Magic:  8/8        EV: 15    Int: 15    God:    Wu Jian [......]
Gold:   149        SH:  0    Dex: 21    Spells: 8/9 levels left

rFire   + . .      SeeInvis .   a - +2 dagger (venom)
rCold   + . .      Faith    .   (no shield)
rNeg    . . .      Spirit   .   j - +0 leather armour
rPois   +          Reflect  .   k - +0 helmet
rElec   +          Harm     .   (no cloak)
rCorr   +          Rampage  .   p - +2 pair of gloves of the Gate {Dex+5}
Will    .....                   f - +2 pair of boots
Stlth   ++++......              e - amulet of the acrobat
HPRegen 0.08/turn               u - ring of resist corrosion
MPRegen 0.11/turn               h - +4 ring of protection

@: lethally poisoned (-1 -> -11), resistant, hasted, very quick
A: small, no large weapons, nightstalker 3, iridescent scales 1, low MP 1,
MP-powered wands
a: Renounce Religion


You were on level 3 of the Dungeon.
You worshipped Wu Jian.
Wu Jian was noncommittal.
You visited 1 branch of the dungeon, and saw 4 of its levels.
You also visited: Ossuary.

You collected 149 gold pieces.

Inventory:

Hand Weapons
 a - a +2 dagger of venom (weapon)
Missiles
 g - 2 poisoned darts
Armour
 b - a +0 robe
 c - a +0 hat
 f - a +2 pair of boots (worn)
 j - a +0 leather armour (worn)
 k - a +0 helmet (worn)
 p - the +2 pair of gloves of the Gate (worn) {Dex+5}
   (You acquired it on level 1 of the Dungeon)

   Dex:       It affects your dexterity (+5).
Jewellery
 e - an amulet of the acrobat (around neck)
 h - a +4 ring of protection (right hand)
 r - a ring of fire
 u - a ring of resist corrosion (left hand)
 x - a ring of fire
Scrolls
 w - a scroll of noise
 y - a scroll of enchant armour
Potions
 d - 2 potions of magic
 i - a potion of degeneration
 m - a potion of mutation
 o - a potion of brilliance


   Skills:
 + Level 1.5 Fighting
 * Level 3.0 Short Blades
 * Level 3.1 Dodging
 + Level 4.2 Stealth
 - Level 3.2 Spellcasting
 - Level 1.0 Conjurations
 - Level 1.0 Summonings
 - Level 1.0 Translocations


You had 8 spell levels left.
You knew the following spells:

 Your Spells              Type           Power      Damage    Failure   Level
a - Magic Dart            Conj           20%        1d4       21%         1

Your spell library contained the following spells:

 Spells                   Type           Power      Damage    Failure   Level
 Slow                     Hex            8%         N/A       30%         1
 Blink                    Tloc           10%        N/A       30%         2
 Call Imp                 Summ           5%         N/A       30%         2
 Conjure Flame            Conj/Fire      3%         6-21      58%         3
 Mephitic Cloud           Conj/Pois/Air  3%         N/A       61%         3
 Confusing Touch          Hex            2%         N/A       65%         3
 Yara's Violent Unravell  Hex/Tmut       1%         3d3       100%        5
 Enfeeble                 Hex            1%         N/A       100%        7


Dungeon Overview and Level Annotations

Branches:
Dungeon (4/15)            Ossuary (visited)
 Temple: D:4-7

Altars:
Ru
Wu Jian

Annotations:
D:3 Dowan, Duvessa
D:4 exclusion: ogre


Innate Abilities, Weirdness & Mutations

You are small and have problems with some larger weapons.
You are completely attuned to the shadows.
You are partially covered in iridescent scales. (AC +2)
Your magical capacity is low. (-10% MP)
You expend magic power (3 MP) to strengthen your wands.


Message History

Duvessa hits you with a +2 short sword of venom.
* * * LOW HITPOINT WARNING * * *
You hit Duvessa.
Duvessa looks as sick as possible!
Duvessa is heavily wounded.
* * * LOW HITPOINT WARNING * * *
You feel sick. Dowan completely misses you. Duvessa closely misses you.
Okay, then.
You closely miss Duvessa.
Duvessa is heavily wounded.
You barely miss Duvessa.
Duvessa is heavily wounded.
* * * LOW HITPOINT WARNING * * *
You feel sick. Duvessa completely misses you.
Dowan hits you but does no damage.
You barely miss Duvessa.
Duvessa is severely wounded.
* * * LOW HITPOINT WARNING * * *
You feel sick. Duvessa barely misses you. Dowan hits you but does no damage.
You hit Duvessa but do no damage.
Duvessa looks as sick as possible!
Duvessa is severely wounded.
Duvessa barely misses you.
You barely miss Duvessa.
Duvessa is severely wounded.
* * * LOW HITPOINT WARNING * * *
You feel sick. Duvessa hits you but does no damage.
Dowan hits you but does no damage.
You hit Duvessa but do no damage.
Duvessa looks as sick as possible!
Duvessa is severely wounded.
Duvessa misses you.
You hit Duvessa.
Duvessa is almost dead.
* * * LOW HITPOINT WARNING * * *
You feel sick. Dowan gestures at you while chanting.
The puff of frost hits you but does no damage.
Duvessa hits you but does no damage.
You are more poisoned.
You hit Duvessa but do no damage.
Duvessa looks as sick as possible!
Duvessa is almost dead.
You die...

#####...#################.#
#.......'..# #.#
#.......##.# #.#
#####...##.# #.# # #...##.#
#.# # #...##.# #.# #
##.###.# #.#
######.###.####### #.#
...............e@# #.#
##########.#####e# #.#
....# #.# #.# #.# ..#.# #.#
#.# #.# ..#.# #.# #.# #.#
..#.# #.# #.# #.#
#.#.######.# #.# #.#
#.#.....##.# #.# #.#
#.#........# #.# #.#


You could see Duvessa (fast, extremely poisoned) and Dowan.

Vanquished Creatures
  3 adders (D:2)
  An ufetubus (D:4)
  7 endoplasms
  A gnoll zombie (Ossuary)
  4 goblins
  3 hobgoblins
  6 jackals
  8 bats
  5 frilled lizards
  8 kobolds
  A kobold zombie (Ossuary)
  9 rats
56 creatures vanquished.

Vanquished Creatures (others)
  14 plants (D:1)
14 creatures vanquished.

Grand Total: 70 creatures vanquished

Notes
Turn   | Place    | Note
-------+----------+-------------------------------------------
     0 | D:1      | freelancePsychic the Kobold Hedge Wizard began the quest
                  | for the Orb.
     0 | D:1      | Reached XP level 1. HP: 10/10 MP: 4/4
   266 | D:1      | Reached skill level 3 in Stealth
   363 | D:1      | Reached skill level 1 in Short Blades
   363 | D:1      | Reached XP level 2. HP: 16/16 MP: 6/6
   990 | D:1      | Identified a scroll of acquirement
   990 | D:1      | Acquired the +2 pair of gloves of the Gate {Dex+5}
  1224 | D:2      | Identified the +1 chain mail of Valour {-Cast Str+2 Dex+2}
  1246 | D:2      | Reached XP level 3. HP: 18/20 MP: 7/7
  1320 | D:2      | Reached skill level 1 in Fighting
  1449 | D:2      | Reached XP level 4. HP: 25/25 MP: 8/8
  1453 | D:2      | Found a faded altar of an unknown god.
  1847 | D:2      | Reached skill level 4 in Stealth
  2727 | D:3      | Found an ornate altar of the Wu Jian Council.
  2768 | D:3      | Became a worshipper of the Wu Jian Council
  3073 | D:4      | Found a sand-covered staircase.
  3079 | Ossuary  | Entered an ossuary
  3128 | Ossuary  | Gained mutation: You expend magic power (3 MP) to
                  | strengthen your wands. [potion of mutation]
  3128 | Ossuary  | Gained mutation: Your magical capacity is low. (-10% MP)
                  | [potion of mutation]
  3128 | Ossuary  | Gained mutation: You are partially covered in iridescent
                  | scales. (AC +2) [potion of mutation]
  3279 | D:4      | Noticed an ogre
  3288 | D:4      | Found a sacrificial altar of Ru.
  3290 | D:4      | Noticed Dowan
  3291 | D:4      | Noticed Duvessa
  3322 | D:3      | HP: 1/25 [poisoned by Duvessa]
  3323 | D:3      | Succumbed to Duvessa's poison

Illustrated notes

Levels and vault maps discovered:
D:1:      matt_arrival_refuge, layout_rooms, lexackson_kobold_supper
D:2:      layout_loops_ring, chequers_ecumenical_altar_simple_redux
D:3:      layout_basic, lemuel_round_altar
D:4:      layout_rooms, nemelex_dance_club_becter, amcnicky_altar_gilded,
          temple_hall, nicolae_ossuary_entry_ruins, uniq_natasha, uniq_menkaure,
          uniq_crazy_yiuf_cottage, uniq_duvessa

Skill      XL: |  1  2  3  4 |
---------------+-------------+-----
Stealth        | 3 4 |  4.2
Short Blades   | 1 2 3 |  3.0
Fighting       | 1 |  1.5
Dodging        | 3 |  3.1
Spellcasting   | |  3.2
Conjurations   | |  1.0
Summonings     | |  1.0
Translocations | |  1.0

Action                   |  1- 3 |  4- 6 || total
-------------------------+-------+-------++-------
Melee: Dagger            |    94 |    74 ||   168
       Punch             |       |     1 ||     1
 Cast: Magic Dart        |       |     2 ||     2
Invok: Lunge             |       |     5 ||     5
  Use: Scroll            |     3 |     8 ||    11
       Potion            |       |     8 ||     8
 Stab: Sleeping          |    10 |    11 ||    21
       Distracted        |     1 |       ||     1
Armor: Robe              |     4 |       ||     4
       Leather armour    |    19 |    24 ||    43
Dodge: Dodged            |    72 |    41 ||   113
